 Dungeon Crawl Stone Soup version 0.21-a0-39-g28ea6b7 (webtiles) character file.

14837 Kidiri the Thaumaturge (level 11, -7/63 HPs)
             Began as a Deep Elf Fire Elementalist on June 2, 2017.
             Was an Elder of Vehumet.
             Mangled by a white ugly thing (29 damage)
             ... in an ice cave.
             The game lasted 00:35:23 (11479 turns).

Kidiri the Thaumaturge (DEFE)                      Turns: 11479, Time: 00:35:24

Health: -7/63      AC:  9    Str:  6    XL:     11   Next: 94%
Magic:  10/48      EV: 19    Int: 24    God:    Vehumet [****..]
Gold:   446        SH:  0    Dex: 23    Spells: 3/37 levels left

rFire    . . .     SeeInvis .   D - +10 quarterstaff of the Battered People {crush, *Noise Str+3 Dex+6}
rCold    . . .     Gourm    .   (shield currently unavailable)
rNeg     . . .     Faith    .   Q - +2 robe
rPois    .         Spirit   .   (no helmet)
rElec    +         Reflect  .   x - +0 cloak
rCorr    .         Harm     .   p - +1 pair of gloves
MR       +....                  E - +0 pair of boots
Stlth    +++.......             T - amulet of rage
Regen    0.2/turn               b - ring of magical power
MPRegen  0.4/turn               v - ring of magical power

@: no status effects
A: claws 1, talons 1, agile 1, deterioration 1, electricity resistance, weak 1,
subdued magic 1
a: Renounce Religion, Evoke Berserk Rage


You were in an ice cave.
You worshipped Vehumet.
Vehumet was greatly pleased with you.
You were very full.

You visited 3 branches of the dungeon, and saw 12 of its levels.
You also visited: Ice Cave.

You collected 599 gold pieces.
You spent 153 gold pieces at shops.

Inventory:

Hand Weapons
 h - a +2 dagger
 D - the +10 quarterstaff of the Battered People (weapon) {crush, *Noise Str+3 Dex+6}
   (You bought it in a shop on level 7 of the Dungeon)

   It inflicts extra damage upon your enemies.
   It affects your strength (+3).
   It affects your dexterity (+6).
   It may make noises in combat.
 K - a +3 short sword of holy wrath
Armour
 p - a +1 pair of gloves (worn)
 x - a +0 cloak (worn)
 E - a +0 pair of boots (worn)
 Q - a +2 robe (worn)
Jewellery
 a - an uncursed ring of see invisible
 b - a ring of magical power (left hand)
 e - a +5 ring of evasion
 g - a +3 ring of strength
 s - an uncursed ring of flight
 v - a ring of magical power (right hand)
 I - a +4 ring of dexterity
 T - an amulet of rage (around neck)
Wands
 k - a wand of confusion (28/48)
 o - a wand of iceblast (12/15)
 B - a wand of lightning (13/15)
 G - a wand of acid (5/15)
 J - a wand of digging (10/24)
 R - a wand of polymorph (15/24)
Scrolls
 f - 8 scrolls of teleportation
 n - a scroll of recharging
 t - a scroll of amnesia
 u - 4 scrolls of remove curse
 w - 3 scrolls of fear
 z - a scroll of magic mapping
 U - a scroll of immolation
Potions
 j - 3 potions of flight
 l - 4 potions of curing
 q - 2 potions of cancellation
 r - a potion of brilliance
 C - a potion of ambrosia
 F - 5 potions of agility {unknown}
 M - a potion of berserk rage {unknown}
 N - 2 potions of degeneration {unknown}
 P - a potion of magic {unknown}
Books
 A - the Papyrus of Flames
   (You found it on level 9 of the Dungeon)

   Spells                             Type                      Level
   a - Flame Tongue                   Conjuration/Fire             1
   b - Conjure Flame                  Conjuration/Fire             3
   c - Ignite Poison                  Fire/Transmutation/Poison    3
   d - Bolt of Magma                  Conjuration/Fire/Earth       5
   e - Ignition                       Fire                         8
Comestibles
 c - 6 bread rations
 d - a royal jelly
 m - 2 meat rations
 H - a chunk of flesh


   Skills:
 + Level 5.1 Fighting
 + Level 6.0 Short Blades
 + Level 5.1 Armour
 + Level 7.5 Dodging
 - Level 2.4 Stealth
 * Level 13.7 Spellcasting
 + Level 7.5 Conjurations
 + Level 8.8 Fire Magic
 + Level 2.5 Air Magic
 + Level 2.2 Earth Magic


You had 3 spell levels left.
You knew the following spells:

 Your Spells              Type           Power        Failure   Level  Hunger
a - Flame Tongue          Conj/Fire      #####        1%          1    None
b - Throw Flame           Conj/Fire      #####.       1%          2    None
c - Conjure Flame         Conj/Fire      #####...     1%          3    None
d - Inner Flame           Hex/Fire       ####....     1%          3    None
e - Ignite Poison         Fire/Tmut/Pois ###.....     1%          3    None
f - Sticky Flame          Conj/Fire      #####...     1%          4    None
g - Fireball              Conj/Fire      #####.....   1%          5    ###....
h - Sting                 Conj/Pois      ####         1%          1    None
i - Airstrike             Air            ###.......   3%          4    None
j - Lightning Bolt        Conj/Air       ####......   3%          5    ###....
k - Stone Arrow           Conj/Erth      ####..       1%          3    None


Dungeon Overview and Level Annotations

Branches:
Dungeon (9/15)             Temple (1/1) D:5            Lair (2/6) D:8
    Orc (0/2) D:9
  Swamp: Lair:2-4    Shoals: Lair:2-4     Snake: Lair:2-4    Spider: Lair:2-4

Altars:
Ashenzari
Cheibriados
Dithmenos
Elyvilon
Fedhas
Gozag
Hepliaklqana
Kikubaaqudgha
Makhleb
Nemelex Xobeh
Okawaru
Qazlal
Ru
Sif Muna
Trog
Uskayaw
Vehumet
Wu Jian
Xom
Yredelemnul
Zin
The Shining One

Shops:
D:5 :   D:7 (


Innate Abilities, Weirdness & Mutations

You have sharp fingernails.
You have sharp toenails.
You are agile. (Dex +2)
Your body sometimes deteriorates upon taking damage.
You are resistant to electric shocks. (rElec)
You are weak. (Str -2)
Your spells are a little easier to cast, but a little less powerful.


Message History

You feel your power returning.
The white ugly thing burns!
The ice beast completely misses you.
The white ugly thing closely misses you.
Unknown command.
The white ugly thing burns!
The white ugly thing tentacle-slaps you.
The white ugly thing freezes you!
The ice beast hits you but does no damage.
Casting: Sticky Flame
Confirm with . or Enter, or press ? or * to list all spells.
Aiming: Sticky Flame
Press: ? - help, Shift-Dir - straight line, f - ice beast
Aim: an ice beast (almost dead)
The sticky flame hits the ice beast.
The ice beast melts!
You kill the ice beast!
Vehumet accepts your kill.
You feel your power returning.
The white ugly thing burns!
The white ugly thing tentacle-slaps you.
The white ugly thing freezes you!!
You die...

##....(.}....##
#......[......#
#....8...8....#
#.............#
#...........#
#...........#
#.....∩.....#
##......u..##
##...∩..@##
##.....##
#######


You could see a white ugly thing (burning).

Vanquished Creatures
  4 two-headed ogres
  The ghost of Graouh the Basher, a novice MiFi of Okawaru (D:8)
  Pikel (D:8)
  Maurice (D:8)
  An elephant (D:8)
  Psyche (D:8)
  3 spiny frogs
  A hornet (D:8)
  Prince Ribbit (D:8)
  4 hippogriffs
  The ghost of Borgoz the Covert, an amateur SpAs of Gozag (D:6)
  4 basilisks
  3 hungry ghosts
  Grum (D:8)
  Menkaure (D:4)
  A two-headed ogre zombie (D:9)
  5 water moccasins
  4 porcupines (Lair:1)
  13 ice beasts
  4 slaves (D:8)
  2 black bears
  2 sky beasts
  4 phantoms (D:9)
  A necrophage (D:5)
  4 wolves (D:8)
  An ogre (D:6)
  3 centaurs
  2 big kobolds
  5 crocodiles
  7 bullfrogs
  2 scorpions
  2 troll zombies (D:9)
  5 killer bees (D:9)
  5 wights (D:7)
  2 howler monkeys (D:8)
  3 crimson imps
  A bullfrog zombie (D:6)
  A centaur zombie (D:8)
  2 quasits
  2 bullfrog skeletons (D:9)
  5 hounds
  Crazy Yiuf (D:4)
  5 orc priests
  A gnoll shaman (D:4)
  4 orc wizards
  4 iguanas
  Natasha (thrice) (D:3)
  10 worker ants
  2 killer bee zombies
  5 ogre zombies (D:9)
  2 worker ant zombies
  A howler monkey zombie (D:9)
  3 gnolls (D:4)
  11 adders
  A howler monkey skeleton (D:6)
  5 shadow imps
  An ooze (D:1)
  An adder skeleton (D:5)
  An adder zombie (D:7)
  3 worms
  3 dart slugs
  A leopard gecko (D:1)
  27 orcs
  5 giant cockroaches
  3 hobgoblins
  6 jackals
  17 kobolds
  5 quokkas
  5 ball pythons
  A ball python skeleton (D:4)
  4 bats (D:1)
  6 frilled lizards
  7 goblins
  3 goblin skeletons (D:9)
  3 goblin zombies (D:9)
  4 hobgoblin skeletons (D:9)
  2 hobgoblin zombies (D:9)
  4 orc skeletons (D:9)
  9 orc zombies (D:9)
  A quokka skeleton (D:5)
  A quokka zombie (D:5)
  9 rats
  A spectral orc (D:5)
307 creatures vanquished.

Notes
Turn   | Place    | Note
-------+----------+-------------------------------------------
     0 | D:1      | Kidiri the Deep Elf Fire Elementalist began the quest for the Orb.
     0 | D:1      | Reached XP level 1. HP: 10/10 MP: 6/6
   388 | D:1      | Reached XP level 2. HP: 15/15 MP: 6/8
   392 | D:1      | Learned a level 2 spell: Throw Flame
   680 | D:1      | Reached skill level 4 in Spellcasting
  1127 | D:2      | Reached XP level 3. HP: 19/19 MP: 6/10
  1132 | D:2      | Learned a level 3 spell: Conjure Flame
  1136 | D:2      | Learned a level 3 spell: Inner Flame
  1566 | D:2      | Gained mutation: You can translocate small distances at will. [potion of mutation]
  1566 | D:2      | Gained mutation: You are partially covered in slimy green scales. (AC +2) [potion of mutation]
  1566 | D:2      | Gained mutation: You have a pair of small antennae on your head. [potion of mutation]
  2182 | D:3      | Reached skill level 5 in Spellcasting
  2197 | D:3      | Reached XP level 4. HP: 20/24 MP: 9/13
  2204 | D:3      | Learned a level 4 spell: Sticky Flame
  2435 | D:3      | Noticed Natasha
  2447 | D:3      | Killed Natasha
  2565 | D:3      | Noticed Natasha
  2568 | D:3      | Killed Natasha
  2730 | D:3      | Reached XP level 5. HP: 22/28 MP: 6/15
  2733 | D:3      | Reached skill level 6 in Spellcasting
  3124 | D:4      | Noticed Menkaure
  3134 | D:4      | Killed Menkaure
  3134 | D:4      | Reached skill level 7 in Spellcasting
  3134 | D:4      | Reached XP level 6. HP: 15/32 MP: 7/18
  3141 | D:4      | Learned a level 5 spell: Fireball
  3548 | D:4      | Reached XP level 7. HP: 36/36 MP: 15/20
  3558 | D:4      | Reached skill level 1 in Armour
  3564 | D:4      | Reached skill level 1 in Short Blades
  3761 | D:4      | Found a runed door.
  4045 | D:4      | Reached skill level 8 in Spellcasting
  4189 | D:4      | Noticed Crazy Yiuf
  4192 | D:4      | Killed Crazy Yiuf
  4299 | D:3      | Noticed Natasha
  4302 | D:3      | Killed Natasha
  4358 | D:5      | Entered Level 5 of the Dungeon
  4392 | D:5      | Reached skill level 5 in Fire Magic
  4425 | D:5      | Reached skill level 1 in Fighting
  4539 | D:5      | Found a blossoming altar of Fedhas.
  4566 | D:5      | Found a staircase to the Ecumenical Temple.
  4589 | Temple   | Entered the Ecumenical Temple
  4839 | Temple   | Became a worshipper of Vehumet
  4956 | D:5      | Reached XP level 8. HP: 36/43 MP: 12/22
  5179 | D:5      | Found a basalt altar of Yredelemnul.
  5283 | D:5      | Found Qaugut's Book Emporium.
  5497 | D:6      | Found a blossoming altar of Fedhas.
  5739 | D:6      | Reached skill level 9 in Spellcasting
  5837 | D:6      | Reached * piety under Vehumet
  5837 | D:6      | Offered knowledge of Sting by Vehumet.
  5989 | D:6      | Lost mutation: You can translocate small distances at will. [potion of mutation]
  5989 | D:6      | Lost mutation: You have a pair of small antennae on your head. [potion of mutation]
  5989 | D:6      | Lost mutation: You are partially covered in slimy green scales. (AC +2) [potion of mutation]
  5989 | D:6      | Gained mutation: Your flesh is cold resistant. (rC+) [potion of mutation]
  5989 | D:6      | Gained mutation: You have a pair of small horns on your head. [potion of mutation]
  5989 | D:6      | Gained mutation: You have sharp fingernails. [potion of mutation]
  5989 | D:6      | Gained mutation: You are resistant to hostile enchantments. (MR+) [potion of mutation]
  6156 | D:6      | Noticed Borgoz's ghost (amateur SpAs)
  6177 | D:6      | Killed Borgoz's ghost
  6244 | D:6      | Learned a level 1 spell: Sting
  6544 | D:7      | Found Yshrolat's Antique Weapon Emporium.
  6611 | D:7      | Bought a warped quarterstaff for 153 gold pieces
  6611 | D:7      | Identified the +10 quarterstaff of the Battered People {crush, *Noise Str+3 Dex+6} (You bought it in a shop on level 7 of the Dungeon)
  6693 | D:7      | Reached XP level 9. HP: 49/49 MP: 20/24
  6710 | D:7      | Reached skill level 10 in Spellcasting
  6785 | D:7      | Reached skill level 5 in Conjurations
  7022 | D:7      | Noticed a two-headed ogre
  7032 | D:7      | Killed a two-headed ogre
  7032 | D:7      | Reached skill level 5 in Dodging
  7463 | D:8      | Noticed a two-headed ogre
  7476 | D:8      | Killed a two-headed ogre
  7476 | D:8      | Reached skill level 11 in Spellcasting
  7517 | D:8      | Reached XP level 10. HP: 56/56 MP: 14/27
  7522 | D:8      | Noticed Pikel
  7526 | D:8      | Killed Pikel
  7558 | D:8      | Noticed Graouh's ghost (novice MiFi)
  7572 | D:8      | Noticed a two-headed ogre
  7580 | D:8      | Killed Graouh's ghost
  7599 | D:8      | Killed a two-headed ogre
  7775 | D:8      | Noticed Psyche
  7777 | D:8      | Found a staircase to the Lair.
  7777 | D:8      | Noticed an elephant
  7792 | D:8      | Offered knowledge of Magic Dart by Vehumet.
  7793 | D:8      | Reached ** piety under Vehumet
  7793 | D:8      | Reached skill level 5 in Short Blades
  7793 | D:8      | HP: 1/56 [cloud of flame (11)]
  7800 | D:8      | Killed an elephant
  7800 | D:8      | Reached skill level 12 in Spellcasting
  7804 | D:8      | Killed Psyche
  7825 | D:8      | Noticed a two-headed ogre
  7832 | D:8      | Killed a two-headed ogre
  7883 | D:8      | Found a glowing silver altar of Zin.
  7928 | D:8      | Noticed Maurice
  7931 | D:8      | Noticed Grum
  7943 | D:8      | Killed Grum
  7943 | D:8      | Reached XP level 11. HP: 27/62 MP: 2/29
  7950 | D:8      | Killed Maurice
  8186 | D:8      | Noticed Prince Ribbit
  8193 | D:8      | Killed Prince Ribbit
  8494 | D:8      | Gained mutation: Your body sometimes deteriorates upon taking damage. [mutagenic meat]
  8495 | D:8      | Gained mutation: You are clumsy. (Dex -2) [mutagenic meat]
  8496 | D:8      | Gained mutation: Your spells are a little harder to cast, but a little more powerful. [mutagenic meat]
  8560 | D:8      | Offered knowledge of Dazzling Spray by Vehumet.
  8669 | D:9      | Learned a level 4 spell: Airstrike
  8675 | D:9      | Learned a level 5 spell: Lightning Bolt
  8697 | D:9      | Reached *** piety under Vehumet
  8727 | D:9      | Gained mutation: You are somewhat resistant to further mutation. [mutagenic meat]
  8931 | D:9      | Offered knowledge of Stone Arrow by Vehumet.
  8936 | D:9      | Learned a level 3 spell: Stone Arrow
  8982 | D:9      | Found a staircase to the Orcish Mines.
  9377 | D:9      | Got a warped long sword
  9378 | D:9      | Identified the cursed +2 long sword "Death Rattle" {freeze, Dex+3} (You found it on level 9 of the Dungeon)
  9405 | D:9      | Reached skill level 13 in Spellcasting
  9440 | D:9      | Identified the Papyrus of Flames
  9446 | D:9      | Learned a level 3 spell: Ignite Poison
  9554 | D:9      | Reached **** piety under Vehumet
  9605 | D:9      | Found an ornate altar of the Wu Jian Council.
  9613 | D:9      | Lost mutation: You are somewhat resistant to further mutation. [potion of mutation]
  9613 | D:9      | Lost mutation: Your spells are a little harder to cast, but a little more powerful. [potion of mutation]
  9613 | D:9      | Gained mutation: You are weak. (Str -2) [potion of mutation]
  9613 | D:9      | Gained mutation: Your spells are a little easier to cast, but a little less powerful. [potion of mutation]
  9613 | D:9      | Gained mutation: You are resistant to electric shocks. (rElec) [potion of mutation]
  9782 | D:8      | Reached skill level 1 in Air Magic
  9782 | D:8      | Reached skill level 1 in Earth Magic
  9793 | Lair:1   | Entered Level 1 of the Lair of Beasts
  9806 | Lair:1   | Offered knowledge of Lee's Rapid Deconstruction by Vehumet.
 10562 | Lair:1   | Lost mutation: You have a pair of small horns on your head. [potion of mutation]
 10562 | Lair:1   | Lost mutation: Your flesh is cold resistant. (rC+) [potion of mutation]
 10562 | Lair:1   | Lost mutation: You are resistant to hostile enchantments. (MR+) [potion of mutation]
 10562 | Lair:1   | Lost mutation: You are clumsy. (Dex -2) [potion of mutation]
 10562 | Lair:1   | Gained mutation: You are agile. (Dex +2) [potion of mutation]
 10562 | Lair:1   | Gained mutation: You have sharp toenails. [potion of mutation]
 10949 | Lair:1   | Reached skill level 5 in Fighting
 11369 | Lair:2   | Reached skill level 5 in Armour
 11405 | Lair:2   | Found a frozen archway.
 11445 | Lair:2   | Noticed a six-headed hydra
 11467 | Lair:2   | HP: 1/63 [blink frog (7)]
 11468 | IceCv    | Entered an ice cave
 11468 | IceCv    | Noticed a white ugly thing
 11479 | IceCv    | Mangled by a white ugly thing

Vault maps used:
D:1:      kennysheep_arrival_seaside
D:2:      first_bread
D:3:      uniq_natasha
D:4:      minmay_joined_circles, uniq_menkaure, uniq_crazy_yiuf_cottage
D:5:      yredelemnul_forgotten_temple_becter, minmay_temple_entry_hall,
          serial_shops, shop, basic_altar, minivault_23,
          hangedman_decor_growths, kennysheep_generic_room_16
D:6:      fedhas_altar_fruit_tree
D:7:      serial_shops, nicolae_shop_window_shopping, minmay_liquid_box,
          grunt_ministairs_9
D:8:      david_lair_generic, basic_altar, uniq_grum, uniq_maurice, uniq_psyche,
          uniq_prince_ribbit1, uniq_pikel
D:9:      zombieorc2_lemuel, basic_altar
Temple:   roderic_octagonal_lattice_temple
Lair:1:   grunt_megastairs_2, serial_bayou_shore_b
Lair:2:   portal_ice_cave_entry_ice_beasts
IceCv:    ice_cave_statue_garden_teleport

Skill      XL: |  1  2  3  4  5  6  7  8  9 10 11 |
---------------+----------------------------------+-----
Spellcasting   | 4 5 7 8 9 11 12 13 | 13.7
Conjurations   | 2 3 4 5 6 7 |  7.5
Fire Magic     | 4 5 6 7 8 |  8.8
Dodging        | 3 4 5 6 7 |  7.5
Armour         | 1 2 3 4 5 |  5.1
Short Blades   | 2 3 4 5 6 |  6.0
Fighting       | 1 2 3 4 5 |  5.1
Air Magic      | 2 |  2.5
Earth Magic    | 2 |  2.2
Stealth        | |  2.4

Action                   |  1- 3 |  4- 6 |  7- 9 | 10-12 || total
-------------------------+-------+-------+-------+-------++-------
Melee: Whip              |     9 |       |       |       ||     9
       Dagger            |    14 |       |    28 |       ||    42
       Short sword       |       |       |     6 |       ||     6
       Quarterstaff      |       |       |     2 |   131 ||   133
       Headbutt          |       |       |       |    21 ||    21
 Cast: Flame Tongue      |    59 |    62 |   168 |   187 ||   476
       Throw Flame       |     7 |    20 |    37 |    39 ||   103
       Sticky Flame      |       |     3 |    12 |    48 ||    63
       Inner Flame       |       |     1 |     8 |     4 ||    13
       Conjure Flame     |       |     1 |     5 |     9 ||    15
       Sting             |       |       |     8 |       ||     8
       Fireball          |       |       |     1 |     8 ||     9
       Stone Arrow       |       |       |       |     1 ||     1
       Ignite Poison     |       |       |       |     1 ||     1
Evoke: Wand              |       |       |     5 |       ||     5
  Use: Scroll            |     9 |     2 |    10 |     6 ||    27
       Potion            |     1 |       |     1 |     5 ||     7
 Stab: Sleeping          |     5 |       |     1 |     2 ||     8
       Confused          |       |       |     2 |       ||     2
       Distracted        |       |       |       |     1 ||     1
  Eat: Chunk             |     4 |     4 |     8 |     9 ||    25
       Fruit             |       |       |     9 |     2 ||    11
       Royal jelly       |       |       |       |     5 ||     5
Armor: Robe              |     4 |     3 |    22 |    50 ||    79
Dodge: Dodged            |    40 |    23 |   100 |   250 ||   413
